 Dungeon Crawl Stone Soup version 0.25-a0-277-g7046ed1b37 (webtiles) character file.

Game seed: 6627476280541650644, levelgen mode: deterministic

6605 MrRokkomies the Covert (level 10, -13/51 HPs)
             Began as a Spriggan Venom Mage on Dec 9, 2019.
             Was an Elder of Sif Muna.
             Killed from afar by Josephine (30 damage)
             ... with a ghostly fireball
             ... on level 10 of the Dungeon.
             The game lasted 00:42:41 (11223 turns).

MrRokkomies the Covert (Spriggan Venom Mage)       Turns: 11223, Time: 00:42:44

Health: -13/51     AC:  5    Str:  7    XL:     10   Next: 71%
Magic:  7/18       EV: 25    Int: 16    God:    Sif Muna [****..]
Gold:   582        SH:  0    Dex: 18    Spells: 6/19 levels left

rFire    . . .     SeeInvis +   b - +3 short sword of Xiyleu {holy, Stlth+}
rCold    . . .     Gourm    .   (shield restricted)
rNeg     . . .     Faith    .   j - +1 robe
rPois    .         Spirit   .   h - +2 hat
rElec    .         Reflect  .   (no cloak)
rCorr    .         Harm     .   (gloves unavailable)
MR       +....                  (boots unavailable)
Stlth    +++++++...             (no amulet)
HPRegen  0.17/turn              p - ring of flight
MPRegen  0.16/turn              v - ring of stealth

@: drained, very quick
A: very small, unfitting armour, see invisible, herbivore, speed 3, slow
metabolism 2
a: Channel Magic, Forget Spell, Divine Exegesis, Renounce Religion, Evoke Flight


You were on level 10 of the Dungeon.
You worshipped Sif Muna.
Sif Muna was greatly pleased with you.
You were hungry.

You visited 1 branch of the dungeon, and saw 10 of its levels.

You collected 582 gold pieces.

Inventory:

Hand Weapons
 a - a +1 lajatang
 b - the +3 short sword of Xiyleu (weapon) {holy, Stlth+}
   (You found it on level 6 of the Dungeon)

   It has been blessed by the Shining One to cause great damage to the undead
   and demons.
   It makes you more stealthy.
 d - a +0 dagger
Missiles
 t - 9 poisoned darts (quivered)
 z - a throwing net
Armour
 h - a +2 hat (worn)
 j - a +1 robe (worn)
Jewellery
 n - a cursed ring of teleportation {unknown}
 p - a ring of flight (left hand)
 v - a ring of stealth (right hand)
Scrolls
 f - 5 scrolls of teleportation
 m - a scroll of amnesia
 o - 2 scrolls of enchant armour
 q - a scroll of remove curse
 u - 2 scrolls of magic mapping
 y - 2 scrolls of enchant weapon
Potions
 e - a potion of haste {unknown}
 g - a potion of magic
 i - a potion of resistance
 k - a potion of brilliance
 l - a potion of mutation {unknown}
 r - a potion of ambrosia {unknown}
 s - a potion of degeneration {unknown}
 w - a potion of agility {unknown}
 x - 2 potions of curing
 A - a potion of berserk rage {unknown}
 B - a potion of might {unknown}
Comestibles
 c - 9 rations


   Skills:
 * Level 4.9(4.3) Fighting
 + Level 10.0(9.2) Dodging
 + Level 10.8(10.0) Stealth
 - Level 5.0(4.3) Spellcasting
 - Level 5.0(4.3) Transmutations
 - Level 5.0(4.4) Air Magic
 - Level 8.0(7.3) Poison Magic
 * Level 5.2(4.5) Invocations


You had 6 spell levels left.
You knew the following spells:

 Your Spells              Type           Power        Failure   Level  Hunger
a - Sting                 Tmut/Pois      ###.         1%          1    None
b - Poisonous Vapours     Pois/Air       ###...       2%          2    ##.....
c - Mephitic Cloud        Conj/Pois/Air  ###.....     10%         3    ###....
d - Olgreb's Toxic Radia  Pois           ####....     9%          4    ####...
e - Ignite Poison         Fire/Tmut/Pois ###.....     10%         3    ###....

Your spell library contained the following spells:

 Spells                   Type           Power        Failure   Level  Hunger
 Apportation              Tloc           #.....       16%         1    None
 Summon Butterflies       Summ           #.......     16%         1    None
 Alistair's Intoxication  Tmut/Pois      ###.....     38%         5    ######.
 Lesser Beckoning         Tloc           #.........   43%         3    ###....
 Tukima's Dance           Hex            #.......     43%         3    ###....
 Invisibility             Hex            #.......     100%        6    #######


Dungeon Overview and Level Annotations

Branches:
Dungeon (10/15)            Temple (0/1) D:7
   Lair: D:8-11         Orc: D:9-12

Altars:
Dithmenos
Gozag
Hepliaklqana
Makhleb
Qazlal
Sif Muna
Vehumet
Wu Jian
Xom
Yredelemnul
Zin

Shops:
D:6 (   D:8 *

Annotations:
D:5 2 transporters
D:6 1 runed translucent door, crawlian's ghost, novice DEWn
D:10 3 runed translucent doors, Josephine; Thargor's ghost, journeyman GnFE


Innate Abilities, Weirdness & Mutations

You are very small and have problems with some larger weapons.
You are too small for most types of armour.
You have supernaturally acute eyesight. (SInv)
You are a herbivore.
You cover ground extremely quickly.
You need to consume almost no food.


Message History

You barely miss Josephine.
Josephine is severely wounded.
Josephine is engulfed in blazing flames.
Josephine completely misses you.
You closely miss Josephine.
Josephine is almost dead.
Josephine is engulfed in blazing flames.
Josephine hits you with a +0 dagger.
Casting: Ignite Poison (safe; 8% risk of failure)
Confirm with . or Enter, or press ? or * to list all spells.
Aiming: Poisonous Vapours (safe; 1% risk of failure)
Press: ? - help, Dir - move target cursor, f/p - Josephine
Aim: Josephine, wielding a +0 dagger and wearing a +0 robe (almost dead) Poisonous vapours surround Josephine!
Josephine is engulfed in poison gas.
Josephine is poisoned.
Josephine gestures at you while chanting.
The ghostly flame explodes!
The ghostly fireball engulfs you!!
You feel drained.
Ouch! That really hurt!
You die...

##...#...##.
#....#......
#....#......
#....#......
#....#......
##############'#######.
#....#....#....# # ###.
#....#....#....#.#W#W#.
#...a@@...'....#.....#.
#...W#....#....#8[.WW+.
###'############W=..W+.
#........# #8%...+.
#....W..W# #.....#.
#........# #.#.#.#.
#......@.# #######.
#....%.W.# ....
########## #####


You could see Josephine, a wraith and a worker ant.

Vanquished Creatures
  An unseen horror (D:10)
  A cyclops (D:9)
  A gargoyle (D:7)
  A queen bee (D:9)
  A troll (D:10)
  3 hornets
  A wraith (D:10)
  A water moccasin (D:5)
  3 orc warriors
  A sky beast (D:5)
  5 ice beasts
  4 ogres
  A phantom (D:8)
  A centaur (D:7)
  A big kobold (D:7)
  Blork the orc (D:4)
  4 bullfrogs
  2 scorpions
  20 killer bees
  7 crimson imps
  A quasit (D:6)
  2 jellies (D:9)
  A gnoll shaman (D:8)
  5 hounds
  2 orc priests
  7 orc wizards
  3 centaur skeletons
  An iguana (D:9)
  8 worker ants
  A hound zombie (D:9)
  3 hound skeletons
  A worker ant zombie (D:8)
  10 gnolls
  14 adders
  An adder skeleton (D:4)
  5 worms
  2 dart slugs (D:2)
  5 leopard geckos
  22 orcs
  A ball python (D:6)
  7 giant cockroaches
  11 goblins
  12 hobgoblins
  9 jackals
  12 kobolds
  6 quokkas
  14 bats
  3 frilled lizards
  2 gnoll zombies (D:4)
  2 jackal skeletons
  A leopard gecko skeleton (D:5)
  A quokka skeleton (D:4)
  7 rats
242 creatures vanquished.

Notes
Turn   | Place    | Note
-------+----------+-------------------------------------------
     0 | D:1      | MrRokkomies the Spriggan Venom Mage began the quest for the
                  | Orb.
     0 | D:1      | Reached XP level 1. HP: 9/9 MP: 5/5
     3 | D:1      | Noticed an electric eel
     3 | D:1      | Noticed an electric eel
   163 | D:1      | Reached XP level 2. HP: 11/13 MP: 4/6
  1029 | D:1      | Reached XP level 3. HP: 14/16 MP: 1/8
  1118 | D:1      | Learned a level 2 spell: Poisonous Vapours
  1122 | D:1      | Learned a level 3 spell: Mephitic Cloud
  2562 | D:2      | Reached XP level 4. HP: 14/21 MP: 5/9
  2715 | D:2      | Found an ornate altar of the Wu Jian Council.
  2716 | D:2      | Found a shimmering blue altar of Sif Muna.
  2718 | D:2      | Found a stormy altar of Qazlal.
  2723 | D:2      | Became a worshipper of Sif Muna the Loreminder
  3170 | D:3      | Reached skill level 1 in Air Magic
  3275 | D:3      | Reached XP level 5. HP: 19/24 MP: 10/10
  4118 | D:4      | Noticed an ogre
  4136 | D:4      | Killed an ogre
  4136 | D:4      | Reached XP level 6. HP: 25/28 MP: 3/11
  4168 | D:4      | Learned a level 4 spell: Olgreb's Toxic Radiance
  4172 | D:4      | Reached skill level 5 in Stealth
  4256 | D:4      | Noticed Blork the orc
  4275 | D:4      | Killed Blork the orc
  4275 | D:4      | Reached skill level 5 in Dodging
  4289 | D:4      | Reached skill level 5 in Poison Magic
  4496 | D:4      | Found a shadowy altar of Dithmenos.
  4563 | D:4      | Reached * piety under Sif Muna
  4757 | D:4      | Reached XP level 7. HP: 16/32 MP: 12/12
  5226 | D:4      | Found a basalt altar of Yredelemnul.
  5648 | D:5      | Entered Level 5 of the Dungeon
  5877 | D:5      | Reached ** piety under Sif Muna
  5880 | D:5      | Reached XP level 8. HP: 18/36 MP: 7/13
  5985 | D:5      | Found a transporter.
  6250 | D:4      | Found a glowing silver altar of Zin.
  6250 | D:4      | Found an opulent altar of Gozag.
  6250 | D:4      | Found a burning altar of Makhleb.
  6738 | D:5      | Found a transporter.
  6833 | D:6      | Got a bloodstained short sword
  6834 | D:6      | Identified the +3 short sword of Xiyleu {holy, Stlth+} (You
                  | found it on level 6 of the Dungeon)
  6856 | D:6      | Found Qiahis's Weapon Shop.
  6857 | D:6      | Found a runed translucent door.
  6953 | D:6      | Reached skill level 5 in Air Magic
  7094 | D:6      | Learned a level 3 spell: Ignite Poison
  7845 | D:6      | Noticed crawlian's ghost (novice DEWn)
  8005 | D:7      | Noticed a hornet
  8023 | D:7      | Killed a hornet
  8136 | D:7      | Found a staircase to the Ecumenical Temple.
  8169 | D:7      | Noticed a gargoyle
  8185 | D:7      | Killed a gargoyle
  8185 | D:7      | Reached skill level 5 in Spellcasting
  8185 | D:7      | Reached XP level 9. HP: 27/39 MP: 9/17
  8276 | D:7      | Reached *** piety under Sif Muna
  8525 | D:7      | Found a shimmering altar of Xom.
  8526 | D:7      | Found a hazy altar of Hepliaklqana.
  8526 | D:7      | Noticed an unseen horror
  8527 | D:7      | Noticed an unseen horror
  8527 | D:7      | Noticed a spectral ugly thing
  9132 | D:8      | Reached skill level 1 in Fighting
  9248 | D:8      | Reached skill level 5 in Transmutations
  9407 | D:8      | Found a radiant altar of Vehumet.
  9469 | D:8      | Reached skill level 1 in Invocations
  9478 | D:8      | Found Yretont's General Store.
 10267 | D:9      | Reached XP level 10. HP: 49/49 MP: 6/18
 10549 | D:9      | Reached **** piety under Sif Muna
 10549 | D:9      | Reached skill level 10 in Stealth
 10640 | D:9      | Noticed a cyclops
 10657 | D:9      | Killed a cyclops
 11020 | D:10     | Entered Level 10 of the Dungeon
 11048 | D:10     | Noticed an unseen horror
 11054 | D:10     | Killed an unseen horror
 11054 | D:10     | Reached skill level 5 in Invocations
 11165 | D:10     | Found a runed translucent gate.
 11166 | D:10     | Found a runed translucent gate.
 11166 | D:10     | Found a runed translucent gate.
 11172 | D:10     | Noticed Thargor's ghost (journeyman GnFE)
 11206 | D:10     | Noticed Josephine
 11219 | D:10     | Reached skill level 10 in Dodging
 11223 | D:10     | Killed from afar by Josephine

Levels and vault maps discovered:
D:1:      arrival_aquarium_b, layout_basic
D:2:      layout_basic, grunt_temple_overflow_open, first_ration
D:3:      layout_basic, minmay_fractal_squares_5
D:4:      layout_basic, nicolae_overflow_hidden_temple,
          lemuel_zombie_altar_yredelemnul, chequers_serial_rivers_micro_c,
          uniq_blork_the_orc
D:5:      gammafunk_cloud_chamber, layout_basic
D:6:      layout_layer_cave, ebering_ghost_sewer_d, serial_shops, shop
D:7:      layout_loops_corners, regret_index_temple_of_mockery,
          minmay_temple_entry_offerings
D:8:      layout_cave_pools, vehumet_crystals, serial_shops, shop
D:9:      layout_basic, david_nohive_1
D:10:     layout_grid_maze, serial_shops, shop, gammafunk_ghost_spectres,
          nicolae_alphabet_shops, uniq_josephine

Skill      XL: |  1  2  3  4  5  6  7  8  9 10 |
---------------+-------------------------------+-----
Transmutations | 2 3 5 |  5.0
Stealth        | 4 5 6 8 9 10 | 10.8
Dodging        | 4 5 6 7 8 10 | 10.0
Air Magic      | 1 2 3 4 5 |  5.0
Poison Magic   | 4 5 6 7 8 |  8.0
Spellcasting   | 5 |  5.0
Fighting       | 3 4 |  4.9
Invocations    | 2 5 |  5.2

Action                   |  1- 3 |  4- 6 |  7- 9 | 10-12 || total
-------------------------+-------+-------+-------+-------++-------
Melee: Unarmed           |     3 |       |       |       ||     3
       Dagger            |    62 |       |       |       ||    62
       Lajatang          |    46 |   131 |   170 |       ||   347
       Short sword       |       |       |   174 |    98 ||   272
Throw: Dart              |       |       |     5 |     1 ||     6
 Cast: Sting             |    45 |    24 |    31 |       ||   100
       Poisonous Vapours |       |    12 |    51 |    19 ||    82
       Mephitic Cloud    |       |     2 |    15 |     8 ||    25
       Ignite Poison     |       |       |     8 |     6 ||    14
       Olgreb's Toxic Ra |       |       |     4 |     3 ||     7
  Use: Scroll            |       |     8 |     4 |       ||    12
       Potion            |       |     2 |     2 |       ||     4
 Stab: Sleeping          |    10 |    11 |    20 |     3 ||    44
       Confused          |       |       |     5 |     1 ||     6
       Distracted        |       |       |     2 |       ||     2
  Eat: Ration            |       |     1 |     6 |     1 ||     8
Armor: Robe              |    29 |    22 |    43 |    12 ||   106
       Skin              |       |    10 |    24 |       ||    34
Dodge: Dodged            |   137 |   146 |   394 |   142 ||   819

Table legend:
 A = Non-vault XP
 B = Vault XP
 C = Vault XP percentage of total XP
 D = Non-vault monster count
 E = Vault monster count
 F = Vault count percentage of total count
                 A         B        C        D         E       F
            +---------+---------+-------+---------+---------+-------
      Total |    7979 |    1457 |  15.4 |     220 |      22 |   9.1
            +---------+---------+-------+---------+---------+-------
        D:1 |      57 |       0 |   0.0 |      33 |       0 |   0.0
        D:2 |      70 |       0 |   0.0 |      27 |       0 |   0.0
        D:3 |     124 |      30 |  19.5 |      18 |       4 |  18.2
        D:4 |     616 |      96 |  13.5 |      25 |       3 |  10.7
        D:5 |     964 |       0 |   0.0 |      33 |       0 |   0.0
        D:6 |     287 |       0 |   0.0 |       8 |       0 |   0.0
        D:7 |    1446 |       0 |   0.0 |      19 |       0 |   0.0
        D:8 |    1318 |       0 |   0.0 |      29 |       0 |   0.0
        D:9 |    2035 |    1129 |  35.7 |      26 |      14 |  35.0
       D:10 |    1062 |     202 |  16.0 |       2 |       1 |  33.3
            +---------+---------+-------+---------+---------+-------
